 Dungeon Crawl Stone Soup version 0.31.0-9-g3a7656b989 (webtiles) character file.

Game seed: 6214015147265291444

8316 qw the Nimble (level 11, 0/55 HPs)
             Began as a Spriggan Hunter on Feb 2, 2024.
             Was an Elder of Okawaru.
             Slain by a killer bee (5 damage)
             ... on level 10 of the Dungeon.
             The game lasted 00:00:42 (8107 turns).

qw the Nimble (Spriggan Hunter)                     Turns: 8107, Time: 00:00:42

Health: 0/55       AC:  9    Str:  7    XL:     11   Next: 8%
Magic:  15/15      EV: 30    Int: 11    God:    Okawaru [****..]
Gold:   225        SH:  0    Dex: 23    Spells: 10/10 levels left

rFire   . . .        r - +0 arbalest
rCold   + . .        (shield currently unavailable)
rNeg    + . .        k - +2 robe {rC+}
rPois   .            (helmet restricted)
rElec   .            v - +0 cloak
rCorr   .            (gloves unavailable)
SInv    +            (boots unavailable)
Will    +....        q - amulet of faith
Stlth   ++           p - +4 ring of protection
HPRegen 0.29/turn    f - ring of positive energy
MPRegen 0.14/turn

%: faith
@: lethally poisoned (0 -> -3), about to teleport, very quick
A: very small, no large weapons, unfitting armour, see invisible, speed 3
a: Renounce Religion, Heroism, Finesse


You were on level 10 of the Dungeon.
You worshipped Okawaru.
Okawaru was greatly pleased with you.
You visited 2 branches of the dungeon, and saw 11 of its levels.

You collected 489 gold pieces.
You spent 264 gold pieces at shops.


Innate Abilities, Weirdness & Mutations

You are very small and have problems with some larger weapons.
You are too small for most types of armour.
You have supernaturally acute eyesight. (SInv)
You cover ground extremely quickly. (Speed+++)


   Skills:
 - Level 5.0 Fighting
 + Level 12.6 Ranged Weapons
 - Level 13.1 Dodging
 - Level 1.5 Stealth
 + Level 4.3 Invocations


You had 10 spell levels left.
You didn't know any spells.
Your spell library was empty.

Inventory:

Hand Weapons
 r - a +0 arbalest (weapon)
Armour
 a - a +2 robe of fire resistance
 j - +0 steam dragon scales
 k - a +2 robe of cold resistance (worn)
 u - a +2 robe of willpower
 v - a +0 cloak (worn)
Jewellery
 c - an amulet of reflection
 f - a ring of positive energy (right hand)
 g - a ring of fire
 i - a ring of fire
 p - a +4 ring of protection (left hand)
 q - an amulet of faith (around neck)
 Y - the ring of Mirth {Fly rC- rN++ Will+ SInv}
   (You found it on level 3 of the Dungeon)

   [ring of flight]

   rC-:       It makes you vulnerable to cold.
   rN++:      It greatly protects you from negative energy.
   Will+:     It increases your willpower.
   SInv:      It lets you see invisible.
   Fly:       It grants you flight.
Wands
 d - a wand of digging (6)
 e - a wand of paralysis (11)
 l - a wand of roots (20)
 t - a wand of mindburst (7)
 w - a wand of polymorph (8)
Scrolls
 b - 4 scrolls of teleportation
 o - a scroll of identify
Potions
 h - a potion of might
 m - a potion of magic
 n - 2 potions of curing

Dungeon Overview and Level Annotations

Branches:
Dungeon (10/15)            Temple (1/1) D:7             Orc (0/2) D:9
   Lair: D:8-11

Altars:
Ashenzari
Cheibriados
Dithmenos
Elyvilon
Fedhas
Gozag
Hepliaklqana
Makhleb
Okawaru
Qazlal
Ru
Sif Muna
Trog
Vehumet
Wu Jian
Xom
Zin
The Shining One

Shops:
D:1 (!   D:6 *   D:9 [

Annotations:
D:4 4 runed translucent doors
D:8 1 runed translucent door
D:10 1 transporter


Message History

The killer bee completely misses you. The killer bee misses you.
The killer bee stings you but does no damage.
The killer bee barely misses you. The killer bee misses you.
The killer bee closely misses you. The killer bee completely misses you.
The killer bee closely misses you. x2
You shoot a bolt. The bolt closely misses the killer bee.
You feel very sick. The killer bee completely misses you.
The killer bee misses you. The killer bee completely misses you.
The killer bee misses you.
The killer bee completely misses you. x5
You shoot a bolt.
The bolt hits the killer bee but does no damage.
The killer bee is lightly wounded.
You feel sick.
The killer bee completely misses you. x3
The killer bee closely misses you.
The killer bee completely misses you. x2
You shoot a bolt. The bolt misses the killer bee.
You feel sick. The killer bee completely misses you. The killer bee misses you.
The killer bee completely misses you. The killer bee barely misses you.
The killer bee completely misses you. The killer bee barely misses you.
The killer bee closely misses you.
The killer bee completely misses you. x2
You shoot a bolt. The bolt misses the killer bee.
You feel sick. The killer bee completely misses you.
The killer bee barely misses you.
The killer bee completely misses you. x2
The killer bee misses you. The killer bee completely misses you.
You shoot a bolt. The bolt barely misses the killer bee.
You feel sick.
The killer bee completely misses you. x2
The killer bee stings you.
You are more poisoned.
The killer bee poisons you! The killer bee completely misses you.
The killer bee misses you.
The killer bee completely misses you. x2
The killer bee closely misses you. The killer bee barely misses you.
8106 ||| READING 5 scrolls of teleportation.
As you read the scroll of teleportation, it crumbles to dust.
You feel strangely unstable.
You feel sick. The killer bee misses you. The killer bee completely misses you.
The killer bee misses you. The killer bee completely misses you.
The killer bee misses you. x2
You shoot a bolt. The bolt closely misses the killer bee.
You feel sick. The killer bee barely misses you. The killer bee stings you.
You die...

.
........>...............######.
(............................<.
#...########...................
#.. #.########...#####.. #.
########......... ... .
................. ....
................. .....
#########.######## ......
.......y@....... .......
.......yy.......
^........####### ..######.# .
#.# #.# #.# ..#


You could see 3 killer bees.

Vanquished Creatures
  2 two-headed ogres (D:8)
  Erica (D:8)
  Pikel (D:7)
  Maurice (D:8)
  Psyche (D:8)
  A hornet (D:7)
  A wyvern (D:10)
  A warg (D:9)
  5 steam dragons
  A water moccasin (D:6)
  Duvessa (D:7)
  4 orc warriors (D:9)
  2 black bears
  An ice beast (D:8)
  2 sky beasts
  2 centaurs (D:9)
  An ogre (D:7)
  3 lemures (D:7)
  2 bullfrogs
  4 scorpions
  Dowan (D:7)
  10 wights
  16 killer bees
  4 howler monkeys
  5 hounds
  11 orc priests
  2 jellies
  6 iguanas
  13 orc wizards
  A sleepcap (D:7)
  Natasha (D:3)
  7 adders
  4 gnolls (D:2)
  4 ufetubi
  4 dart slugs
  2 ribbon worms
  35 orcs
  5 bats
  8 endoplasms
  3 giant cockroaches
  6 goblins
  A hobgoblin (D:1)
  7 kobolds
  7 quokkas
  9 ball pythons
  3 frilled lizards (D:1)
  6 rats
218 creatures vanquished.

Vanquished Creatures (others)
  A hound (D:6)
1 creature vanquished.

Grand Total: 219 creatures vanquished

Notes
Turn   | Place    | Note
-------+----------+-------------------------------------------
     0 | D:1      | qw the Spriggan Hunter began the quest for the Orb.
     0 | D:1      | Reached XP level 1. HP: 10/10 MP: 2/2
     0 | D:1      | Noticed an ice dragon
     0 | D:1      | 0 ||| qw: Version: 0.3-a-155-g5e7d8dd
     0 | D:1      | 0 ||| qw: Game counter: 1242
     0 | D:1      | 0 ||| qw: Melee chars always use a shield: true
     0 | D:1      | 0 ||| qw: God list: Okawaru
     0 | D:1      | 0 ||| qw: Allow faded altars: false
     0 | D:1      | 0 ||| qw: Do Orc after clearing Dungeon:15 true
     0 | D:1      | 0 ||| qw: Do second Lair branch before Depths: true
     0 | D:1      | 0 ||| qw: Lair rune preference: random
     0 | D:1      | 0 ||| qw: Goals: Normal
     0 | D:1      | 0 ||| PLANNING D:1-11
     1 | D:1      | Noticed an iron dragon
     3 | D:1      | Noticed an ice dragon
     3 | D:1      | Noticed a shadow dragon
     5 | D:1      | Noticed a tentacled monstrosity
     7 | D:1      | Noticed an ice dragon
     9 | D:1      | Noticed a tentacled monstrosity
    11 | D:1      | Noticed an orb of fire
    13 | D:1      | Noticed a shadow dragon
    15 | D:1      | Noticed a red draconian
    15 | D:1      | Noticed a tentacled monstrosity
    17 | D:1      | Noticed a red draconian
    19 | D:1      | Noticed an ice dragon
    19 | D:1      | Noticed a quicksilver dragon
    21 | D:1      | Noticed a tentacled monstrosity
    45 | D:1      | Reached skill level 3 in Dodging
   108 | D:1      | Reached XP level 2. HP: 14/14 MP: 3/3
   117 | D:1      | Found Weh Adgho's Distillery.
   134 | D:1      | Reached skill level 4 in Dodging
   135 | D:1      | 135 ||| SHOPLISTING potion of curing (39 gold, have 0).
   135 | D:1      | 135 ||| SHOPLISTING potion of enlightenment (65 gold, have
                  | 0).
   135 | D:1      | 135 ||| SHOPLISTING potion of haste (130 gold, have 0).
   135 | D:1      | 135 ||| SHOPLISTING potion of might (52 gold, have 0).
   135 | D:1      | 135 ||| SHOPLISTING potion of mutation (104 gold, have 0).
   360 | D:1      | Found Faliagui's Antique Weapon Boutique.
   593 | D:1      | 593 ||| UPGRADING to +2 robe of cold resistance.
   603 | D:1      | 603 ||| DROPPING +0 robe.
   604 | D:1      | 604 ||| READING scroll labelled VAURYO NACZAQ.
   604 | D:1      | 604 ||| ENCHANTING +0 shortbow.
   605 | D:1      | 605 ||| READING 2 scrolls labelled LIJU JODWAYRPH.
   606 | D:1      | 606 ||| READING scroll labelled JIUNLO XUYRCH.
   606 | D:1      | 606 ||| IDENTIFYING viscous sapphire potion
   607 | D:1      | 607 ||| READING scroll labelled KAMEPS BAMAIL.
   607 | D:1      | 607 ||| BRANDING +1 shortbow.
   608 | D:1      | 608 ||| READING scroll labelled GIRAON MUBAOSI.
   613 | D:1      | 613 ||| DROPPING scroll of butterflies.
   614 | D:1      | 614 ||| DROPPING scroll of fear.
   637 | D:2      | Reached XP level 3. HP: 18/18 MP: 4/4
   803 | D:2      | Found a white marble altar of Elyvilon.
   885 | D:2      | 885 ||| DROPPING +0 sling of freezing.
   956 | D:2      | Reached XP level 4. HP: 22/22 MP: 5/5
  1264 | D:2      | 1264 ||| READING 2 scrolls of identify.
  1264 | D:2      | 1264 ||| IDENTIFYING viscous cyan potion
  1265 | D:2      | 1265 ||| READING scroll of identify.
  1265 | D:2      | 1265 ||| IDENTIFYING yellow potion
  1266 | D:2      | 1266 ||| READING scroll labelled OHUCWA OHAMI.
  1367 | D:2      | 1367 ||| DROPPING potion of degeneration.
  1402 | D:3      | 1402 ||| STAIRDANCE
  1406 | D:3      | 1406 ||| STAIRDANCE
  1410 | D:3      | 1410 ||| STAIRDANCE
  1423 | D:3      | Reached skill level 5 in Dodging
  1490 | D:3      | Reached XP level 5. HP: 26/26 MP: 6/6
  1537 | D:3      | Identified the ring of Mirth {Fly rC- rN++ Will+ SInv}
  1618 | D:3      | Identified the +4 helmet of the Watermelon {^Drain Dex+3
                  | SInv}
  1888 | D:3      | 1888 ||| DROPPING +3 sling.
  2010 | D:3      | Noticed Natasha
  2011 | D:3      | Killed Natasha
  2130 | D:3      | Found a faded altar of an unknown god.
  2151 | D:3      | 2151 ||| UPGRADING to ring of Mirth {Fly rC- rN++ Will+
                  | SInv}.
  2152 | D:3      | 2152 ||| READING scroll labelled NIPPUK LONLUDE.
  2153 | D:3      | 2153 ||| READING scroll labelled GUGGIV PABO.
  2154 | D:3      | 2154 ||| DRINKING 2 purple potions.
  2156 | D:3      | 2156 ||| Stepping ~*~*~tactically~*~*~ (cloud).
  2157 | D:3      | 2157 ||| DRINKING potion of curing.
  2157 | D:3      | 2157 ||| (to cure poison)
  2208 | D:4      | Found a large runed translucent door.
  2208 | D:4      | Found a large runed translucent door.
  2211 | D:4      | Noticed a sky beast
  2212 | D:4      | Noticed a yak
  2284 | D:4      | Found a large runed translucent door.
  2284 | D:4      | Found a large runed translucent door.
  2313 | D:4      | Reached skill level 6 in Ranged Weapons
  2323 | D:4      | Reached XP level 6. HP: 24/30 MP: 7/7
  2332 | D:4      | Reached skill level 6 in Dodging
  2499 | D:4      | Noticed a sky beast
  2505 | D:4      | Killed a sky beast
  2506 | D:4      | Reached XP level 7. HP: 35/35 MP: 8/8
  2692 | D:4      | Noticed a steam dragon
  2699 | D:4      | HP: 8/35 [steam dragon/ball of steam (24)]
  2700 | D:4      | 2700 ||| READING 2 scrolls of teleportation.
  2701 | D:4      | 2701 ||| DRINKING potion of heal wounds.
  2704 | D:4      | Killed a steam dragon
  2705 | D:4      | Reached skill level 7 in Dodging
  3010 | D:4      | 3010 ||| READING 2 scrolls of identify.
  3010 | D:4      | 3010 ||| IDENTIFYING clear potion
  3011 | D:4      | 3011 ||| READING scroll of identify.
  3011 | D:4      | 3011 ||| IDENTIFYING lumpy emerald potion
  3012 | D:4      | 3012 ||| READING scroll labelled DYCEINOHIA.
  3013 | D:4      | 3013 ||| DRINKING 2 murky black potions.
  3014 | D:4      | 3014 ||| DROPPING potion of lignification.
  3015 | D:4      | 3015 ||| DROPPING potion of ambrosia.
  3034 | D:5      | Entered Level 5 of the Dungeon
  3188 | D:5      | Found a blossoming altar of Fedhas.
  3419 | D:5      | 3419 ||| FLEEEEING.
  3731 | D:5      | Reached XP level 8. HP: 35/39 MP: 9/9
  3785 | D:5      | 3785 ||| UPGRADING to amulet of reflection.
  3790 | D:5      | 3790 ||| READING scroll of identify.
  3790 | D:5      | 3790 ||| IDENTIFYING inky potion
  3791 | D:5      | 3791 ||| DRINKING 2 green potions.
  3792 | D:5      | 3792 ||| DROPPING potion of brilliance.
  3793 | D:5      | 3793 ||| DROPPING potion of attraction.
  3821 | D:6      | Reached skill level 3 in Fighting
  3821 | D:6      | 3821 ||| FLEEEEING.
  3822 | D:6      | 3822 ||| FLEEEEING.
  3823 | D:6      | 3823 ||| FLEEEEING.
  3824 | D:6      | 3824 ||| STAIRDANCE
  3964 | D:6      | Reached skill level 8 in Dodging
  4097 | D:6      | Found Doxkanti's General Store.
  4105 | D:6      | 4105 ||| BUYING ring of positive energy (220 gold).
  4105 | D:6      | Bought a ring of positive energy for 220 gold pieces
  4105 | D:6      | 4105 ||| BUYING scroll of identify (22 gold).
  4105 | D:6      | Bought a scroll of identify for 22 gold pieces
  4105 | D:6      | 4105 ||| BUYING scroll of identify (22 gold).
  4105 | D:6      | Bought a scroll of identify for 22 gold pieces
  4151 | D:6      | Reached skill level 9 in Ranged Weapons
  4371 | D:6      | 4371 ||| FLEEEEING.
  4372 | D:6      | 4372 ||| FLEEEEING.
  4375 | D:6      | 4375 ||| FLEEEEING.
  4600 | D:6      | 4600 ||| SWAPPING to +0 arbalest.
  4601 | D:6      | 4601 ||| DROPPING +1 shortbow of freezing.
  4602 | D:6      | 4602 ||| DROPPING amulet of guardian spirit.
  4603 | D:6      | 4603 ||| UPGRADING to ring of positive energy.
  4604 | D:6      | 4604 ||| UPGRADING to +4 ring of protection.
  4606 | D:6      | 4606 ||| READING 2 scrolls of identify.
  4606 | D:6      | 4606 ||| IDENTIFYING 2 viscous golden potions
  4607 | D:6      | 4607 ||| DROPPING 2 potions of berserk rage.
  4647 | D:7      | Reached skill level 9 in Dodging
  4803 | D:7      | Reached XP level 9. HP: 44/44 MP: 10/10
  4923 | D:7      | Found a staircase to the Ecumenical Temple.
  4924 | D:7      | 4924 ||| PLANNING TEMPLE
  4925 | D:7      | 4925 ||| DROPPING +0 robe of fire resistance.
  4926 | D:7      | 4926 ||| DROPPING amulet of the acrobat.
  4927 | D:7      | 4927 ||| READING 2 scrolls of identify.
  4927 | D:7      | 4927 ||| IDENTIFYING coppery potion
  4928 | D:7      | 4928 ||| READING scroll of identify.
  4928 | D:7      | 4928 ||| IDENTIFYING lumpy green potion
  4929 | D:7      | 4929 ||| READING scroll labelled XISCHOR YSKOMMI.
  4929 | D:7      | 4929 ||| ENCHANTING +1 robe of fire resistance.
  4930 | D:7      | 4930 ||| DROPPING potion of invisibility.
  4931 | D:7      | 4931 ||| DROPPING potion of magic.
  4943 | Temple   | Entered the Ecumenical Temple
  4944 | Temple   | 4944 ||| PLANNING OKAWARU WORSHIP
  4960 | Temple   | Became a worshipper of Warmaster Okawaru
  4961 | Temple   | 4961 ||| PLANNING D:1-11
  4982 | D:7      | Noticed Pikel
  4983 | D:7      | 4983 ||| RETREEEEATING.
  4986 | D:7      | 4986 ||| RETREEEEATING.
  4987 | D:7      | 4987 ||| RETREEEEATING.
  4988 | D:7      | 4988 ||| RETREEEEATING.
  4992 | D:7      | 4992 ||| FLEEEEING.
  4993 | D:7      | 4993 ||| FLEEEEING.
  4994 | D:7      | 4994 ||| FLEEEEING.
  4996 | D:7      | 4996 ||| FLEEEEING.
  4997 | D:7      | 4997 ||| FLEEEEING.
  4998 | D:7      | 4998 ||| FLEEEEING.
  4999 | D:7      | 4999 ||| FLEEEEING.
  5000 | D:7      | 5000 ||| FLEEEEING.
  5002 | D:7      | 5002 ||| FLEEEEING.
  5003 | D:7      | 5003 ||| FLEEEEING.
  5004 | D:7      | 5004 ||| FLEEEEING.
  5005 | D:7      | 5005 ||| FLEEEEING.
  5006 | D:7      | 5006 ||| FLEEEEING.
  5007 | D:7      | 5007 ||| FLEEEEING.
  5009 | D:7      | 5009 ||| FLEEEEING.
  5010 | D:7      | 5010 ||| FLEEEEING.
  5011 | D:7      | 5011 ||| FLEEEEING.
  5014 | D:7      | 5014 ||| FLEEEEING.
  5015 | D:7      | 5015 ||| FLEEEEING.
  5022 | D:7      | 5022 ||| FLEEEEING.
  5023 | D:7      | 5023 ||| FLEEEEING.
  5024 | D:7      | 5024 ||| FLEEEEING.
  5025 | D:7      | 5025 ||| FLEEEEING.
  5028 | D:7      | 5028 ||| RETREEEEATING.
  5041 | D:7      | Killed Pikel
  5042 | D:7      | Reached skill level 10 in Dodging
  5127 | D:7      | HP: 11/46 [poisoned by a hornet]
  5349 | D:7      | Reached * piety under Okawaru
  5350 | D:7      | Reached skill level 11 in Dodging
  5502 | D:7      | Noticed Dowan
  5504 | D:7      | Killed Dowan
  5505 | D:7      | Reached skill level 1 in Invocations
  5505 | D:7      | Noticed Duvessa
  5506 | D:7      | 5506 ||| INVOKING Heroism.
  5515 | D:7      | Killed Duvessa
  5719 | D:8      | Reached skill level 3 in Invocations
  5758 | D:8      | HP: 5/46 [steam dragon] (12)]
  5759 | D:8      | 5759 ||| READING 5 scrolls of teleportation.
  5867 | D:8      | Noticed a two-headed ogre
  5868 | D:8      | 5868 ||| INVOKING Heroism.
  5878 | D:8      | Killed a two-headed ogre
  5879 | D:8      | Reached XP level 10. HP: 40/51 MP: 11/14
  5885 | D:8      | Reached ** piety under Okawaru
  6017 | D:8      | Noticed Erica
  6020 | D:8      | 6020 ||| INVOKING Heroism.
  6028 | D:8      | Killed Erica
  6029 | D:8      | Reached skill level 12 in Dodging
  6312 | D:8      | Noticed Psyche
  6325 | D:8      | Killed Psyche
  6451 | D:8      | Noticed Maurice
  6452 | D:8      | 6452 ||| INVOKING Heroism.
  6453 | D:8      | Noticed a two-headed ogre
  6457 | D:8      | 6457 ||| DRINKING potion of cancellation.
  6464 | D:8      | 6464 ||| INVOKING Heroism.
  6468 | D:8      | Killed a two-headed ogre
  6469 | D:8      | Reached skill level 12 in Ranged Weapons
  6473 | D:8      | Killed Maurice
  6629 | D:8      | Found a runed translucent door.
  6893 | D:8      | 6893 ||| UPGRADING to +0 cloak.
  6898 | D:8      | 6898 ||| UPGRADING to amulet of faith.
  6908 | D:8      | 6908 ||| READING scroll of identify.
  6908 | D:8      | 6908 ||| IDENTIFYING scroll labelled XOSAS IRYMOINE
  6909 | D:8      | 6909 ||| DROPPING scroll of amnesia.
  6972 | D:9      | Reached *** piety under Okawaru
  7080 | D:9      | Reached skill level 13 in Dodging
  7281 | D:9      | 7281 ||| RETREEEEATING.
  7282 | D:9      | 7282 ||| RETREEEEATING.
  7285 | D:9      | 7285 ||| RETREEEEATING.
  7289 | D:9      | 7289 ||| RETREEEEATING.
  7293 | D:9      | 7293 ||| RETREEEEATING.
  7294 | D:9      | 7294 ||| RETREEEEATING.
  7433 | D:9      | Found a staircase to the Orcish Mines.
  7465 | D:9      | HP: 7/51 [orc warrior/+0 glaive (19)]
  7466 | D:9      | 7466 ||| READING 6 scrolls of teleportation.
  7477 | D:9      | Reached XP level 11. HP: 11/55 MP: 15/15
  7866 | D:9      | Found a bloodstained altar of Trog.
  7870 | D:9      | Reached **** piety under Okawaru
  7923 | D:9      | Found Myffoy's Antique Armour Emporium.
  7954 | D:10     | Entered Level 10 of the Dungeon
  7954 | D:10     | Noticed a skeletal warrior
  7954 | D:10     | Found a transporter.
  8105 | D:10     | HP: 8/55 [killer bee (6)]
  8106 | D:10     | 8106 ||| READING 5 scrolls of teleportation.
  8107 | D:10     | Slain by a killer bee

Levels and vault maps discovered:
D:1:      shiori_arrival_whats_in_store_for_you, layout_basic, serial_shops,
          shop_statue, shop, nicolae_houndstooth_variations
D:2:      layout_basic, basic_altar, hex_tiny
D:3:      layout_loops_cross, dreamdust_ecumenical_altar_angels_and_demons,
          chequers_serial_rivers_micro_a, minmay_goblin_kobold_house,
          uniq_natasha
D:4:      layout_basic, minmay_hollow_rounded_squares
D:5:      layout_loops_ring, mainiacjoe_overflow_chevrons
D:6:      layout_rooms, serial_shops, nicolae_shop_just_a_little_nook
D:7:      layout_loops_ring, minmay_temple_entry_ruins, minivault_25,
          uniq_duvessa, uniq_pikel
D:8:      layout_loops_ring, lightli_church_of_beogh, uniq_erica, uniq_maurice,
          uniq_psyche
D:9:      layout_roguey, trog_butcher_becter, erik_orc_4, serial_shops, shop
D:10:     layout_long_grid, gammafunk_temple_of_torment,
          mainiacjoe_overflow_divided_tiny, erik_lair_dragon
Temple:   lightli_temple_of_artemis

Skill      XL: |  1  2  3  4  5  6  7  8  9 10 |
---------------+-------------------------------+-----
Dodging        | 3 4 5 6 7 9 11 13 | 13.1
Ranged Weapons | 5 6 7 8 9 10 12 | 12.6
Fighting       | 2 3 4 5 |  5.0
Invocations    | 4 |  4.3
Stealth        | |  1.5

Action                     |  1- 3 |  4- 6 |  7- 9 | 10-12 || total
---------------------------+-------+-------+-------+-------++-------
   Fire: Shortbow          |   102 |   137 |   190 |       ||   429
         Arbalest          |       |       |   122 |   257 ||   379
 Invoke: Heroism           |       |       |     2 |     3 ||     5
    Use: Scroll            |     5 |     5 |    10 |     3 ||    23
         Potion            |       |     2 |     3 |     1 ||     6
 Armour: Robe              |    13 |    19 |    55 |    62 ||   149
         Skin              |       |       |       |     1 ||     1
  Dodge: Dodged            |    35 |    72 |   177 |   407 ||   691
  Block: Other             |       |       |    18 |     8 ||    26

Table legend:
 A = Non-vault XP
 B = Vault XP
 C = Vault XP percentage of total XP
 D = Non-vault monster count
 E = Vault monster count
 F = Vault count percentage of total count
                 A         B        C        D         E       F
            +---------+---------+-------+---------+---------+-------
      Total |    7982 |    3899 |  32.8 |     178 |      37 |  17.2
            +---------+---------+-------+---------+---------+-------
        D:1 |      37 |       0 |   0.0 |      23 |       0 |   0.0
        D:2 |     115 |       0 |   0.0 |      23 |       0 |   0.0
        D:3 |     149 |      33 |  18.1 |      21 |       2 |   8.7
        D:4 |     396 |     435 |  52.3 |       9 |      11 |  55.0
        D:5 |     304 |       0 |   0.0 |      12 |       0 |   0.0
        D:6 |     926 |       0 |   0.0 |      24 |       0 |   0.0
        D:7 |    1211 |     894 |  42.5 |      19 |       3 |  13.6
        D:8 |    3147 |    1699 |  35.1 |      24 |       3 |  11.1
        D:9 |    1433 |     838 |  36.9 |      21 |      18 |  46.2
       D:10 |     264 |       0 |   0.0 |       2 |       0 |   0.0
            +---------+---------+-------+---------+---------+-------
